 Dungeon Crawl Stone Soup version 0.28.0-62-gf88900778d (webtiles) character file.

Game seed: 6089835361833836104

2027 cbfl8 the Basher (level 9, -9/55 HPs)
             Began as a Gargoyle Berserker on Aug 14, 2023.
             Was a Priest of Trog.
             Mangled by an ogre
             ... wielding a +0 giant club
              (19 damage)
             ... on level 5 of the Dungeon.
             The game lasted 00:06:17 (8785 turns).

cbfl8 the Basher (Gargoyle Berserker)               Turns: 8785, Time: 00:06:18

Health: -9/55      AC: 14    Str: 23    XL:     9   Next: 23%
Magic:  9/9        EV: 10    Int:  8    God:    Trog [***...]
Gold:   139        SH:  0    Dex: 13    Spells: 8/8 levels left

rFire   . . .      SeeInvis .   a - +0 mace
rCold   . . .      Faith    .   (no shield)
rNeg    + . .      Spirit   .   f - +0 scale mail
rPois   ∞          Reflect  .   (no helmet)
rElec   +          Harm     .   (no cloak)
rCorr   .          Rampage  .   (no gloves)
Will    .....                   (no boots)
Stlth   ..........              (no amulet)
HPRegen 0.18/turn               (no ring)
MPRegen 0.11/turn               (no ring)

@: no status effects
A: sickness immunity, AC +6, negative energy resistance 1, electricity
resistance, torment resistance 1, petrification resistance, strong 1, subdued
magic 1, MP-powered wands
a: Renounce Religion, Berserk, Trog's Hand


You were on level 5 of the Dungeon.
You worshipped Trog.
Trog was most pleased with you.
You visited 1 branch of the dungeon, and saw 5 of its levels.

You collected 211 gold pieces.
You spent 72 gold pieces at shops.

Inventory:

Hand Weapons
 a - a +0 mace (weapon)
Armour
 f - a +0 scale mail (worn)
Scrolls
 d - 2 scrolls of noise
 e - 2 scrolls of fog
 h - a scroll of enchant weapon
 l - a scroll of teleportation
 m - a scroll of fear
Potions
 b - 2 potions of flight {unknown}
 c - 2 potions of mutation
 g - a potion of might {unknown}
 i - a potion of haste {unknown}
 j - 5 potions of curing {unknown}
 k - a potion of berserk rage {unknown}


   Skills:
 + Level 5.8 Fighting
 + Level 8.1 Maces & Flails
 + Level 6.6 Armour
 - Level 1.5 Dodging
 + Level 1.2 Stealth
 * Level 4.7 Evocations


You had 8 spell levels left.
You didn't know any spells.
Your spell library was empty.

Dungeon Overview and Level Annotations

Branches:
Dungeon (5/15)             Temple (0/1) D:5

Altars:
Makhleb
Yredelemnul
The Shining One

Shops:
D:4 [[(*[


Innate Abilities, Weirdness & Mutations

You are immune to sickness and miasma.
Your stone body is resilient. (AC +6)
You are immune to poison.
You resist negative energy. (rN+)
You are resistant to electric shocks. (rElec)
You are resistant to unholy torment.
You are immune to petrification.
Your muscles are strong. (Str +2)
Your spells are a little easier to cast, but a little less powerful.
You expend magic power (3 MP) to strengthen your wands.


Message History

Key pressed, stopping explore.
No reachable target in view!
Found a scale mail.
No target in view!
You see here a +0 scale mail.
Items here: )) [[.
An ogre comes into view. It is wielding a +0 giant club.
You hit the ogre.
The ogre is lightly wounded.
The ogre hits you but does no damage.
An ogre is nearby!
You sock the ogre!
The ogre is heavily wounded.
The ogre hits you with a +0 giant club!
An ogre is nearby!
You hit the ogre but do no damage.
The ogre is heavily wounded.
The ogre hits you with a +0 giant club!
An ogre is nearby!
You barely miss the ogre.
The ogre is heavily wounded.
An ogre is nearby!
You sock the ogre!
The ogre is almost dead.
The ogre hits you with a +0 giant club!
An ogre is nearby!
You are too injured to fight recklessly!
You are too injured to fight recklessly!
You are too injured to fight recklessly!
You hit the ogre.
The ogre is almost dead.
The ogre barely misses you.
You closely miss the ogre.
The ogre is almost dead.
The ogre hits you with a +0 giant club!
* * * LOW HITPOINT WARNING * * *
You closely miss the ogre.
The ogre is almost dead.
The ogre hits you with a +0 giant club!!
You die...

####.###########....[.....#
.###.............####.#####
### ..<.....#.....#..# #.#
##.# .....[...........# #.#
##..# .##..##.#.....##.#
#.# #####.#..
.##.###.#.....##.# #.#
#....#### ###.#
#.###.####.# #.###.###.##
#.###.###.# #.# #.##..#
##.## #.#.....#.# #@#
#.##..# ##.# ###.#.###.#.#
#.O.############## .##...#
#...# #####≈.≈≈.≈.≈≈#
....#.###.### #≈≈.≈...≈.#
## .##.#.....####
#l≈≈...≈≈.# #.
.##.##.#.#.#.##
###############.
..............#
#.............#.
....##.......###
#.###########...
..###..........#
#.#l≈...≈≈≈≈###.


You could see an ogre.

Vanquished Creatures
  Eustachio (D:4)
  Menkaure (D:5)
  Duvessa (D:5)
  A black bear (D:5)
  A necrophage (D:4)
  3 phantoms
  3 ogres
  A scorpion (D:3)
  A water moccasin zombie (D:5)
  Dowan (D:5)
  4 killer bees (D:4)
  2 bullfrog zombies (D:5)
  2 jellies (D:5)
  An orc priest (D:3)
  2 hounds
  A centaur skeleton (D:5)
  A scorpion zombie (D:3)
  4 iguanas
  2 orc wizards
  3 adders (D:4)
  A howler monkey skeleton (D:4)
  10 gnolls
  3 adder skeletons (D:4)
  2 worms (D:4)
  3 dart slugs (D:1)
  16 orcs
  14 endoplasms
  A giant cockroach (D:1)
  10 goblins
  6 hobgoblins
  2 jackals (D:1)
  2 quokkas
  7 ball pythons
  3 bats
  3 frilled lizards
  5 kobolds
  4 rats
128 creatures vanquished.

Vanquished Creatures (others)
  9 fungi
  A plant (D:4)
10 creatures vanquished.

Grand Total: 138 creatures vanquished

Notes
Turn   | Place    | Note
-------+----------+-------------------------------------------
     0 | D:1      | cbfl8 the Gargoyle Berserker began the quest for the Orb.
     0 | D:1      | Reached XP level 1. HP: 14/14 MP: 1/1
   101 | D:1      | Found a faded altar of an unknown god.
   126 | D:1      | Reached XP level 2. HP: 19/19 MP: 2/2
   271 | D:1      | Reached skill level 1 in Evocations
   638 | D:1      | Reached XP level 3. HP: 24/24 MP: 3/3
   647 | D:1      | Reached ** piety under Trog
  1070 | D:2      | Found a basalt altar of Yredelemnul.
  1317 | D:3      | Reached XP level 4. HP: 4/29 MP: 4/4
  1835 | D:3      | Reached skill level 4 in Maces & Flails
  2028 | D:3      | Found a burning altar of Makhleb.
  2028 | D:3      | Noticed a phantom
  2039 | D:3      | Killed a phantom
  2040 | D:3      | Reached XP level 5. HP: 33/33 MP: 5/5
  2316 | D:3      | Reached XP level 6. HP: 36/38 MP: 6/6
  2855 | D:4      | Found Nuwoih's Antique Armour Boutique.
  3172 | D:4      | Noticed a necrophage
  3182 | D:4      | Killed a necrophage
  3183 | D:4      | Reached skill level 5 in Maces & Flails
  3273 | D:4      | Reached *** piety under Trog
  3306 | D:4      | Found Ciej's Armour Boutique.
  3505 | D:4      | Found Odatac's Antique Weapon Shoppe.
  3531 | D:4      | Reached XP level 7. HP: 40/44 MP: 7/7
  3982 | D:4      | Found Fyicimor's General Store.
  3985 | D:4      | Bought 3 scrolls of identify for 72 gold pieces
  4301 | D:4      | Reached skill level 6 in Maces & Flails
  4778 | D:4      | Found Zuucaots's Antique Armour Shop.
  4782 | D:4      | Gained mutation: Your muscles are strong. (Str +2) [potion
                  | of mutation]
  4782 | D:4      | Gained mutation: Your spells are a little easier to cast,
                  | but a little less powerful. [potion of mutation]
  4782 | D:4      | Gained mutation: You expend magic power (3 MP) to
                  | strengthen your wands. [potion of mutation]
  4893 | D:5      | Entered Level 5 of the Dungeon
  4896 | D:5      | Noticed Dowan
  4898 | D:5      | Noticed Duvessa
  5237 | D:5      | Noticed Eustachio
  5431 | D:4      | Killed Eustachio
  5432 | D:4      | Reached XP level 8. HP: 48/48 MP: 8/8
  5821 | D:5      | Reached skill level 5 in Fighting
  5904 | D:5      | Reached skill level 5 in Armour
  5908 | D:5      | Reached skill level 7 in Maces & Flails
  6289 | D:5      | Killed Duvessa
  6293 | D:5      | Killed Dowan
  6720 | D:5      | Reached skill level 1 in Stealth
  7554 | D:5      | Reached XP level 9. HP: 42/54 MP: 9/9
  8010 | D:5      | Found a staircase to the Ecumenical Temple.
  8012 | D:5      | Noticed Menkaure
  8017 | D:5      | Killed Menkaure
  8018 | D:5      | Reached skill level 8 in Maces & Flails
  8546 | D:5      | Found a glowing golden altar of the Shining One.
  8785 | D:5      | Mangled by an ogre

Illustrated notes

Levels and vault maps discovered:
D:1:      amcnicky_arrival_double_pillar, layout_rooms,
          shapermc_ecumenical_altar_mp_ritualfount
D:2:      layout_basic, basic_altar
D:3:      layout_loops_corners, bloody_makhleb
D:4:      minmay_chambers_of_threes, layout_loops_ring, serial_shops,
          nicolae_shop_trees, kennysheep_mini_moat, shop,
          nicolae_shop_overgrown_old_shop, shop
D:5:      layout_loops_ring, mainiacjoe_overflow_six_doors_small,
          minmay_temple_entry_mini_moons, serial_aquarium,
          aquarium_bridge_straight [aquarium_subvault_bridge,
          aquarium_subvault_wall, aquarium_subvault_bridge,
          aquarium_subvault_wall], aquarium_window_fake, aquarium_window_2,
          aquarium_view_2e, aquarium_view_2g, aquarium_pool_four,
          chequers_jeans, st_stairs_4, uniq_menkaure, uniq_duvessa,
          uniq_eustachio

Skill      XL: |  1  2  3  4  5  6  7  8  9 |
---------------+----------------------------+-----
Evocations     | 1 2 3 4 |  4.7
Fighting       | 4 5 |  5.8
Maces & Flails | 4 5 6 7 8 |  8.1
Armour         | 3 4 6 |  6.6
Stealth        | 1 |  1.2
Dodging        | |  1.5

Action                   |  1- 3 |  4- 6 |  7- 9 || total
-------------------------+-------+-------+-------++-------
Melee: Mace              |   115 |   153 |   309 ||   577
       Punch             |     1 |       |     6 ||     7
Invok: Berserk           |       |     4 |     8 ||    12
       Trog's Hand       |       |     1 |       ||     1
  Use: Scroll            |       |     4 |     8 ||    12
       Potion            |       |       |     1 ||     1
Armor: Animal skin       |     9 |       |       ||     9
       Scale mail        |    65 |    73 |   180 ||   318
Dodge: Dodged            |    86 |    79 |   180 ||   345
